Unix NetHack Version 5.0.0-0 post-release - last build Jun 10 2026 00:39:30 (3ee93aec679c4c4259841fe613dc97188e26a321,branch:main).

Game began 2026-06-23 06:04:04, ended 2026-06-23 08:36:06.

LDaviesPeters, neutral female human Archeologist

                 ---         ---              ------
                 -.--      ---.---    - --- ---....|                      ----
           ---   `.)|   ----.....|----.--.--|...|.*|                   ----..--
        ----)-----.------.|......--.|......||..-|..|                   |....^.|
       ...#...%.[.<)....)..................|--.|--.|                  --.--..-|
        -.....----.------------.......^..-----.| |.|                ---..||...|
        --.....| |.|          --...........|...| |.--          ------...----.--
         ---...---.---------   |.......|.....--- |..|         --.--.....|  ---
          --........u......--  --..(.`.|.|..--   --.|         |.......-.|
          |.[..---.------...|  --........|---   ---.|    --- --.........|
          |....---.| -----..|  |..--....--      |...|   --.---......|...|
       -----.......---.------ --..---...|       |...|   |.........-.|-..--
 -------..|--.......|..%|     |....||..-|       ---.----|..........  |...|
--.|.|....--|..|.-.....-|     |....--...|        --....|---......... |..-|
|....%.....-----........--- ---.........--       |.....|  |........----..--
|.....|.....--............|--......----..|       |.....----........|.--...--
---..----.*...............|........-- |..|       --...........|^^..........|
  ----  --..........................| ----        |.......----|............|
         |.....--....|.----.........|             --......|   --.---.....---
         ---..----..---   ----.--..--              |..--.--    --- --.|.--
           ---   ----        -------                ------          -----
LDaviesPeters the Investigator  St:18/01 Dx:8 Co:25 In:16 Wi:15 Ch:10  Neutral
Dlvl:8  $:0  HP:0(74) Pw:31(31) AC:-1 Xp:8 T:10307  Satiated

Latest messages:
 The gray dragon breathes fragments!
 The blast of missiles whizzes by you!
 The blast of missiles bounces!
 The blast of missiles hits you!
 The gnome wields 5 daggers!
 The daggers weld themselves to the gnome's hand!
 Pick a monster, object or location.
 D        a dragon (gray dragon)
 What do you want to zap? [csxUW or ?*] ?
 What do you want to zap? [csxUW or ?*] <space>
 Never mind.
 What do you want to zap? [csxUW or ?*] ?
 In what direction? 1
 The bolt of cold hits the gray dragon!
 The bolt of cold bounces!
 The gray dragon bites!
 The gray dragon hits!
 The gray dragon hits again!
 The gnome swings wildly and misses!
 What do you want to zap? [csxUW or ?*] U
 In what direction? 1
 The bolt of cold misses the gray dragon.
 The bolt of cold bounces!
 The bolt of cold hits the gray dragon!
 The bolt of cold hits you!
 The gray dragon bites!
 The gray dragon hits!
 The gray dragon knocks you backward with a powerful strike!
 You can't go up here.
 You climb up the stairs.
 You hit the white unicorn!
 The white unicorn butts!
 The white unicorn kicks!
 The white unicorn misses!
 The white unicorn kicks!
 The white unicorn misses!
 The white unicorn misses!
 The white unicorn lunges wildly and misses!
 What do you want to zap? [csxUW or ?*] U
 In what direction? 4
 The bolt of cold misses the white unicorn.
 The white unicorn butts!
 The white unicorn misses!
 The white unicorn butts!
 You die...
 Do you want your possessions identified? [ynq] (y) y
 Do you want to see your attributes? [ynq] (y) y
 Do you want an account of creatures vanquished? [ynaq] (y) n
 Do you want to see your conduct and achievements? [ynq] (y) y
 Do you want to see the dungeon overview? [ynq] (y) n

Inventory:
 Weapons  (')')
  H - 9 +0 shuriken
  a - a +2 bullwhip
  d - the rustproof +2 Ogresmasher (weapon in right hand)
  y - the +1 Werebane
 Armor    ('[')
  E - an uncursed +0 dwarvish iron helm (being worn)
  u - an uncursed +0 pair of iron shoes (being worn)
  N - an uncursed +0 shield of shock resistance (being worn)
  C - an uncursed +0 cloak of invisibility (being worn)
  G - an uncursed +0 elven cloak
  O - an uncursed +0 mummy wrapping
  D - an uncursed +0 Hawaiian shirt with an orchid motif (being worn)
  n - an uncursed +0 elven mithril-coat (being worn)
 Comestibles  ('%')
  F - 2 uncursed food rations
 Scrolls  ('?')
  L - an uncursed scroll of teleportation
 Wands    ('/')
  U - a wand of cold (0:3)
  s - a wand of magic missile (0:3)
  x - a wand of make invisible (0:5)
  c - a wand of opening (0:4)
  W - a wand of striking (0:0)
 Tools    ('(')
  b - an uncursed sack containing 15 items
  B - an uncursed blindfold
  k - an uncursed lock pick
  j - an uncursed magic lamp
  l - an uncursed magic lamp (lit)
  i - a magic marker (0:19)
  m - an uncursed magic whistle
  f - a tinning kit (0:72)
 Gems/Stones  ('*')
  I - an uncursed agate stone
  w - an uncursed aquamarine stone
  e - 2 uncursed jade stones
  M - an uncursed opal
  g - an uncursed touchstone

Contents of the sack:
  160 gold pieces
  2 uncursed scrolls of food detection
  2 uncursed scrolls of identify
  an uncursed scroll of light
  an uncursed scroll of scare monster
  an uncursed scroll of teleportation
  an uncursed potion of booze
  an uncursed potion of extra healing
  2 blessed potions of healing
  an uncursed potion of healing
  a cursed potion of healing
  a cursed potion of object detection
  an uncursed potion of oil
  an uncursed potion of water
  a +0 pick-axe

LDaviesPeters the Archeologist's attributes:

Background:
 You were an Investigator, a level 8 female human Archeologist.
 You were neutral, on a mission for Camaxtli
 who was opposed by Quetzalcoatl (lawful) and Huhetotl (chaotic).
 You were right-handed.
 You were in the Gnomish Mines, on level 8.
 You entered the dungeon 10307 turns ago.
 You had 2029 experience points, 531 more were needed to attain level 9.

Basics:
 You had 0 out of 74 hit points.
 You had all 31 energy points (spell power).
 Your armor class was -1.
 Your wallet was empty, but
 you had 160 zorkmids stashed away in your pack.
 Autopickup was off.

Final Characteristics:
 Your strength was 18/01 (limit:18/100).
 Your dexterity was 8 (peak:11, limit:18).
 Your constitution was 25 (base:14, innate limit:18).
 Your intelligence was 16 (limit:18).
 Your wisdom was 15 (limit:18).
 Your charisma was 10 (limit:18).

Final Status:
 You were satiated.
 You were unencumbered.
 You were wielding a hammer.
 You had basic skill with hammer.

Final Attributes:
 You were piously aligned.
 You were shock resistant.
 Your items were protected from electric shocks.
 You were telepathic.
 You had automatic searching.
 You were invisible.
 You were stealthy.
 You were guarded.
 You are dead.

Miscellaneous:
 You didn't encounter any bones levels.
 Total elapsed playing time was 2 hours, 10 minutes and 53 seconds.

Major events:
 Turn
    1: LDaviesPeters the neutral female human Archeologist entered the dungeon
 1543: attained the rank of Field Worker (level 3)
 1740: entered the Gnomish Mines
 3238: was bestowed with Ogresmasher by Camaxtli
 5402: attained the rank of Investigator (level 6)
 7207: was bestowed with Werebane by Camaxtli
 7290: was bestowed with Trollsbane by Camaxtli
 9050: reached Mine Town
10307: killed by a white unicorn

You didn't know any spells.

Skills:
 Fighting Skills
   bare handed combat [Unskilled]
   two weapon combat  [Unskilled]
   riding             [Unskilled]
 Weapon Skills
   dagger             [Unskilled]
   knife              [Unskilled]
   pick-axe           [Basic]
   short sword        [Unskilled]
   saber              [Unskilled]
   club               [Unskilled]
   morning star       [Unskilled]
   hammer             [Basic]
   quarterstaff       [Unskilled]
   sling              [Unskilled]
   dart               [Unskilled]
   boomerang          [Unskilled]
   whip               [Skilled]
   unicorn horn       [Unskilled]
 Spellcasting Skills
   attack spells      [Unskilled]
   healing spells     [Unskilled]
   divination spells  [Unskilled]
   matter spells      [Unskilled]

Voluntary challenges:
 Character rerolling was not enabled.
 You never genocided any monsters.
 You never polymorphed an object.
 You never changed form.
 You used no wishes.
Achievements:
 You entered a shop.
 You attained the rank of Field Worker.
 You entered the Gnomish Mines.
 You attained the rank of Investigator.
 You entered Minetown.
 You entered a temple.

 The Dungeons of Doom: levels 1 to 9
    Level 1:
       A grave.
    Level 2:
       An armor shop, an altar to Camaxtli, a grave.
    Level 3:
       A general store, a fountain.
       Stairs down to The Gnomish Mines.
    Level 4:
    Level 5:
       A general store, a fountain.
    Level 6:
       A fountain.
    Level 7:
    Level 8:
       A fountain.
    Level 9:
 The Gnomish Mines: levels 4 to 9
    Level 4:
    Level 5:
    Level 6:
    Level 7:
       Many shops, a temple and an altar to Camaxtli, some fountains, some trees.
    Level 8: <- You were here.
       Final resting place for
          you, killed by a white unicorn.
    Level 9:


Vanquished creatures:
  a dwarf ruler
  2 quivering blobs
  a lynx
  2 leprechauns
  a yeti
  a dingo
  a raven
  a bugbear
  a quasit
  a wood nymph
  a mountain nymph
 an Uruk-hai
  4 rock piercers
  3 rock moles
  a fog cloud
  4 yellow lights
  a shrieker
  3 violet fungi
 11 gnome leaders
  2 kobold mummies
  a gray ooze
  2 elf zombies
  a giant ant
  a little dog
  2 floating eyes
  a kitten
 13 dwarves
  a kobold leader
  2 kobold shamans
  a hill orc
 17 rothes
  a centipede
  2 giant bats
  7 orc zombies
  3 dwarf zombies
  2 werejackals
  6 iguanas
 an acid blob
  4 hobbits
  5 manes
  a large kobold
  7 hobgoblins
 11 giant rats
  3 cave spiders
  4 yellow molds
  a green mold
  a red mold
 43 gnomes
  2 garter snakes
 12 geckos
 13 jackals
  a fox
  3 kobolds
  4 goblins
  5 sewer rats
 12 grid bugs
 11 lichens
  4 kobold zombies
 15 newts
269 creatures vanquished.

No species were genocided or became extinct.

Game over:
                       ----------
                      /          \
                     /    REST    \
                    /      IN      \
                   /     PEACE      \
                  /                  \
                  |  LDaviesPeters   |
                  |      160 Au      |
                  |   killed by a    |
                  |  white unicorn   |
                  |                  |
                  |                  |
                  |       2026       |
                 *|     *  *  *      | *
        _________)/\\_//(\/(/\)/\//\/|_)_______

Goodbye LDaviesPeters the Archeologist...

You died in The Gnomish Mines on dungeon level 8 with 8710 points,
and 160 pieces of gold, after 10307 moves.
You were level 8 with a maximum of 74 hit points when you died.

